 Dungeon Crawl Stone Soup version 0.29-a0-717-g6dac4ea423 (webtiles) character file.

Game seed: 13488055077221186707

105 Shayle the Gusty (level 4, -5/42 HPs)
             Began as an Ogre Air Elementalist on June 26, 2022.
             Slain by an iguana (10 damage)
             ... on level 5 of the Dungeon.
             The game lasted 00:08:34 (2825 turns).

Shayle the Gusty (Ogre Air Elementalist)            Turns: 2825, Time: 00:08:34

Health: -5/42      AC:  3    Str: 12    XL:     4   Next: 81%
Magic:  3/8        EV: 10    Int: 18    God:
Gold:   93         SH:  0    Dex:  9    Spells: 6/9 levels left

rFire   . . .      SeeInvis .   b - +0 club
rCold   . . .      Faith    .   (no shield)
rNeg    . . .      Spirit   .   a - +0 robe
rPois   .          Reflect  .   (helmet restricted)
rElec   .          Harm     .   (no cloak)
rCorr   .          Rampage  .   (gloves unavailable)
Will    .....                   (boots unavailable)
Stlth   +.........              (no amulet)
HPRegen 0.14/turn               (no ring)
MPRegen 0.11/turn               (no ring)

@: no status effects
A: large, unfitting armour, tough skin 1
a: no special abilities


You were on level 5 of the Dungeon.
You visited 1 branch of the dungeon, and saw 5 of its levels.

You collected 93 gold pieces.

Inventory:

Hand Weapons
 b - a +0 club (weapon)
Armour
 a - a +0 robe (worn)
Wands
 i - a wand of quicksilver (5)
Scrolls
 c - a scroll of fear {unknown}
 d - a scroll of enchant armour
 e - a scroll of enchant weapon
 l - a scroll of noise {unknown}
Potions
 g - a potion of flight


   Skills:
 + Level 2.0 Fighting
 + Level 2.4 Dodging
 - Level 1.4 Stealth
 + Level 1.2 Unarmed Combat
 + Level 3.0 Spellcasting
 + Level 1.8 Conjurations
 + Level 3.1 Air Magic


You had 6 spell levels left.
You knew the following spells:

 Your Spells              Type           Power      Damage    Failure   Level
a - Shock                 Conj/Air       44%        1d5       6%          1
b - Static Discharge      Conj/Air       11%        N/A       9%          2

Your spell library contained the following spells:

 Spells                   Type           Power      Damage    Failure   Level
 Swiftness                Air            14%        N/A       14%         3
 Airstrike                Air            7%         N/A       41%         4
 Inner Flame              Hex/Fire       2%         N/A       43%         3
 Cause Fear               Hex            1%         N/A       85%         4
 Discord                  Hex            1%         N/A       100%        8


Dungeon Overview and Level Annotations

Branches:
Dungeon (5/15)
 Temple: D:4-7

Altars:
Hepliaklqana
Xom


Innate Abilities, Weirdness & Mutations

You are too large for most types of armour.
You have tough skin. (AC +1)


Message History

You feel better. The iguana bites you.
You barely miss the iguana.
The iguana is moderately wounded.
The iguana bites you.
The gnoll hits you from afar with a +0 spear.
The iguana closely misses you.
The gnoll hits you from afar with a +0 spear.
The iguana attacks as you move away! The iguana bites you!
* * * LOW HITPOINT WARNING * * *
Okay, then.
It was a potion of invisibility.
You fade into invisibility!
The iguana bites you!
* * * LOW HITPOINT WARNING * * *
There is an open door here.
You closely miss the iguana.
The iguana is moderately wounded.
The iguana closely misses you.
An orc priest comes into view. It is wielding a +0 mace.
Found a stone staircase leading down.
There is an open door here.
There is a stone staircase leading down here.
You flicker for a moment.
The iguana barely misses you.
The gnoll shaman calls upon its god to heal the gnoll.
The gnoll is healed somewhat.
You climb downwards.
There is a stone staircase leading up here.
The iguana barely misses you.
Your hearing returns.
Found a longbow.
You flicker back into view.
Casting: Shock (safe; 6% risk of failure)
Confirm with . or Enter, or press ? or * to list all spells.
Aiming: Shock (safe; 6% risk of failure)
Press: ? - help, Shift-Dir - straight line The zap hits the iguana.
The iguana is heavily wounded.
The iguana bites you!
You die...

..... #.........
##########.........
...................
...................
..................)
...................
......S<...........
########..l@.......
########.... .


You could see an iguana and an adder.

Vanquished Creatures
  An orc wizard (D:4)
  2 gnolls (D:4)
  An ufetubus (D:4)
  A dart slug (D:1)
  3 orcs
  An endoplasm (D:1)
  A giant cockroach (D:1)
  4 goblins
  9 hobgoblins
  A jackal (D:4)
  3 quokkas
  5 ball pythons
  4 bats (D:1)
  2 frilled lizards
  7 kobolds
  4 rats (D:1)
49 creatures vanquished.

Notes
Turn   | Place    | Note
-------+----------+-------------------------------------------
     0 | D:1      | Shayle the Ogre Air Elementalist began the quest for the
                  | Orb.
     0 | D:1      | Reached XP level 1. HP: 16/16 MP: 3/3
   136 | D:1      | Reached skill level 1 in Conjurations
   420 | D:1      | Reached XP level 2. HP: 25/26 MP: 1/5
   473 | D:1      | Found a faded altar of an unknown god.
   835 | D:1      | Reached skill level 1 in Fighting
  1044 | D:1      | Reached XP level 3. HP: 33/33 MP: 4/7
  1633 | D:2      | Found a hazy altar of Hepliaklqana.
  1690 | D:2      | You fall into a shaft and drop 2 floors!
  1697 | D:4      | Learned a level 2 spell: Static Discharge
  2042 | D:4      | Reached skill level 1 in Unarmed Combat
  2093 | D:4      | Found a shimmering altar of Xom.
  2356 | D:3      | Reached XP level 4. HP: 41/41 MP: 1/8
  2463 | D:4      | HP: 1/42 [orc/+0 mace (6)]
  2805 | D:4      | HP: 2/42 [iguana (7)]
  2820 | D:5      | Entered Level 5 of the Dungeon
  2825 | D:5      | Slain by an iguana

Illustrated notes

Levels and vault maps discovered:
D:1:      spicycebolla_arrival_xxxplode, layout_basic,
          chequers_ecumenical_altar_island, lemuel_another_geyser
D:2:      layout_basic, serial_corexii_hall, chequers_hall_statues_wall_a,
          corexii_hall_statues_i, corexii_hall_statues_l,
          corexii_hall_statues_t, basic_altar
D:3:      layout_loops_ring
D:4:      layout_gridville, lemuel_doored_altar
D:5:      layout_gridville, kennysheep_little_box,
          mainiacjoe_overflow_tiny_flanked, minmay_temple_entry_offerings,
          minmay_manual_mail, uniq_prince_ribbit1, uniq_sigmund

Skill      XL: |  1  2  3  4 |
---------------+-------------+-----
Conjurations   | 1 |  1.8
Dodging        | 2 |  2.4
Fighting       | 1 2 |  2.0
Unarmed Combat | 1 |  1.2
Air Magic      | 3 |  3.1
Spellcasting   | 3 |  3.0
Stealth        | |  1.4

Action                   |  1- 3 |  4- 6 || total
-------------------------+-------+-------++-------
Melee: Unarmed           |    21 |       ||    21
       Club              |     9 |    13 ||    22
 Cast: Shock             |   103 |    15 ||   118
  Use: Potion            |     1 |     4 ||     5
       Scroll            |       |     3 ||     3
Armor: Robe              |    12 |     4 ||    16
Dodge: Dodged            |    22 |    15 ||    37

Table legend: (Time is in decaauts)
 A = Elapsed time spent in this place.
 B = Non-inter-level travel time spent in this place.
 C = Inter-level travel time spent in this place.
 D = Time resting spent in this place.
 E = Time spent auto-exploring this place.
 F = Levels seen in this place.
 G = Mean time per level.
                   A        B        C        D        E       F      G
               +--------+--------+--------+--------+--------+-----+--------+
         Total |   2839 |   2797 |     42 |    894 |   1411 |   5 |  567.8 |
       Dungeon |   2839 |   2797 |     42 |    894 |   1411 |   5 |  567.8 |
               +--------+--------+--------+--------+--------+-----+--------+

Top non-repeatable levels by time:
     D:1: 1510 daAuts
     D:4: 1121 daAuts
     D:2: 188 daAuts
     D:3: 14 daAuts
     D:5: 4 daAuts
